AoeStats
← cicetala1

Black Forest

510747226Analyzed
3v3 RM · 1d ago on Oct 2, 2026· 44m 13s· 6 players
Game mode
Random Map
Map size
Normal (6 player)
Population
200
Speed
Normal
Resources
Standard
Victory
Conquest
Starting age
Dark Age
Ending age
Imperial Age
RankedLock teamsTeams togetherTeam positionsShared explorationLock speedFull tech treeHidden civsTurbo modeCheats
Victory
Defeat
🇩🇪 Khmer · Germany
795
+20
🇫🇷 Ethiopians · France
780
+15
🇩🇪 Romans · Germany
732
+17
🇪🇸 Spanish · Spain
1000
-93
🇪🇸 Portuguese · Spain
730
-30
🇪🇸 Franks · Spain
569
-8
Tunnes
0:48 Loom
12:57 Feudal Age
13:14 Man-at-Arms
20:12 Castle Age
18:08 Horse Collar
19:48 Double-Bit Axe
21:11 Long Swordsman
24:25 Fervor
25:41 Ballistas
28:53 Bow Saw
28:47 Heavy Plow
29:49 Squires
30:29 Murder Holes
32:23 Wheelbarrow
32:35 Ballistics
38:00 Imperial Age
35:49 Hand Cart
35:46 Masonry
36:28 Fortified Wall
37:45 Town Watch
39:17 Legionary
41:29 Siege Engineers
42:25 Chemistry
41:56 Architecture
41:24 Sappers
42:39 Crop Rotation
42:22 Capped Ram
42:58 Heavy Scorpion
44:32 Town Patrol
The Rock 49
0:54 Loom
12:43 Feudal Age
15:38 Double-Bit Axe
20:20 Castle Age
20:19 Fletching
20:30 Padded Archer Armor
23:05 Town Watch
23:56 Wheelbarrow
23:41 Bow Saw
23:13 Horse Collar
30:47 Crossbowman
34:39 Heavy Plow
34:54 Bodkin Arrow
36:11 Leather Archer Armor
36:08 Forging
36:21 Thumb Ring
36:32 Gold Mining
36:33 Stone Mining
38:18 Town Patrol
38:33 Hand Cart
38:44 Ballistics
38:14 Heated Shot
38:37 Fortified Wall
38:12 Elite Skirmisher
39:11 Murder Holes
39:21 Squires
39:07 Arson
40:02 Iron Casting
40:22 Scale Mail Armor
46:54 Imperial Age
m4jest1cs
7:38 Loom
9:59 Feudal Age
10:25 Double-Bit Axe
10:23 Horse Collar
15:35 Wheelbarrow
18:21 Castle Age
17:55 Gold Mining
20:24 Bow Saw
23:05 Hand Cart
22:42 Town Watch
23:04 Heavy Plow
24:44 Fletching
25:11 Forging
26:38 Gold Shaft Mining
25:53 Stone Mining
28:52 Iron Casting
28:12 Bodkin Arrow
31:27 Imperial Age
30:32 Scale Barding Armor
33:11 Blast Furnace
32:12 Bracer
32:36 Ballistics
33:16 Chemistry
32:13 Murder Holes
32:37 Town Patrol
32:49 Tusk Swords
33:43 Crop Rotation
34:38 Chain Barding Armor
34:22 Husbandry
34:39 Bloodlines
34:55 Conscription
36:21 Plate Barding Armor
38:12 Elite Battle Elephant
39:23 Sanctity
40:11 Light Cavalry
Kb.Sotiips
14:27 Feudal Age
15:00 Double-Bit Axe
22:44 Castle Age
26:26 Scale Barding Armor
29:38 Husbandry
30:01 Chain Barding Armor
38:37 Imperial Age
vencen
14:08 Feudal Age
14:51 Horse Collar
16:19 Double-Bit Axe
19:56 Wheelbarrow
19:18 Gold Mining
25:35 Bloodlines
29:30 Castle Age
30:54 Husbandry
31:51 Hand Cart
31:24 Town Watch
37:35 Thumb Ring
44:14 Heavy Plow
cicetala1
16:40 Loom
18:51 Feudal Age
20:05 Gold Mining
20:06 Stone Mining
20:05 Double-Bit Axe
29:38 Castle Age
30:00 Man-at-Arms
30:26 Arson
30:54 Bloodlines
36:07 Stone Shaft Mining
35:48 Bow Saw
36:31 Long Swordsman
37:12 Squires
36:57 Gambesons
36:33 Pikeman
37:17 Husbandry
36:41 Elite Skirmisher
37:41 Forging
37:37 Horse Collar
39:53 Fletching
40:04 Padded Archer Armor
40:04 Scale Mail Armor
Connection lost

Rejoining the realm…

Still unreachable

The connection could not be restored.

Session expired

The server has moved on; the page needs a fresh start.